 Dungeon Crawl Stone Soup version 0.23-a0-644-gb60d84b (webtiles) character file.

100 Borgoz the Sneak (level 5, -6/32 HPs)
             Began as a Kobold Assassin on Jan 2, 2019.
             Splashed by a jelly's acid (7 damage)
             ... on level 2 of the Dungeon.
             The game lasted 00:03:54 (1740 turns).

Borgoz the Sneak (Kobold Assassin)                  Turns: 1740, Time: 00:03:54

Health: -6/32      AC: -5    Str:  9    XL:     5   Next: 3%
Magic:  5/5        EV: 16    Int: 18    God:
Gold:   106        SH:  0    Dex: 16    Spells: 4/4 levels left

rFire    x . .     SeeInvis .   a - +2 dagger
rCold    + . .     Gourm    .   (shield restricted)
rNeg     . . .     Faith    .   c - +0 robe
rPois    .         Spirit   .   (no helmet)
rElec    .         Reflect  .   d - +0 cloak
rCorr    .         Harm     .   (no gloves)
MR       .....                  (no boots)
Stlth    +++.......             (no amulet)
HPRegen  0.10/turn              k - ring of ice
MPRegen  0.09/turn              n - +4 ring of protection

@: brilliant, corroded
A: small, carnivore
a: no special abilities


You were on level 2 of the Dungeon.
You were very full.

You visited 1 branch of the dungeon, and saw 2 of its levels.

You collected 106 gold pieces.

Inventory:

Hand Weapons
 a - a +2 dagger (weapon)
 b - a +0 blowgun
Missiles
 e - 8 poisoned needles
 f - 2 curare-tipped needles
Armour
 c - a +0 robe (worn)
 d - a +0 cloak (worn)
 p - a +1 hat
Jewellery
 k - a ring of ice (left hand)
 n - a +4 ring of protection (right hand)
Scrolls
 h - a scroll of remove curse {unknown}
 i - 2 scrolls of enchant armour {unknown}
 l - 2 scrolls of identify {unknown}
 m - a scroll of noise {unknown}
 s - a scroll of teleportation {unknown}
Potions
 j - 2 potions of curing {unknown}
 o - a potion of lignification {unknown}
 q - a potion of berserk rage {unknown}
 r - a potion of brilliance
Comestibles
 g - 8 rations


   Skills:
 + Level 3.2 Fighting
 + Level 3.8 Short Blades
 - Level 2.1 Throwing
 + Level 2.8 Dodging
 + Level 6.1 Stealth


You had 4 spell levels left.
You didn't know any spells.
Your spell library was empty.

Dungeon Overview and Level Annotations

Branches:
Dungeon (2/15)

Altars:
Dithmenos
Elyvilon
Makhleb
Okawaru
Zin
The Shining One


Innate Abilities, Weirdness & Mutations

You are small and have problems with some larger weapons.
You are carnivorous and can eat meat at any time.


Message History

The jelly closely misses you.
The ooze hits the fungus but does no damage.
There is an open door here.
The jelly hits you.
You are splashed with acid!
The acid burns!
* * * LOW HITPOINT WARNING * * *
You are too injured to fight recklessly!
You are too injured to fight recklessly!
You are too injured to fight recklessly!
You barely miss the jelly.
The jelly is moderately wounded.
You hit the jelly but do no damage. The acid corrodes you!
Your hands burn!
* * * LOW HITPOINT WARNING * * *
The jelly is moderately wounded.
The jelly barely misses you.
It was a potion of brilliance.
You feel clever all of a sudden. The jelly hits you.
* * * LOW HITPOINT WARNING * * *
You are splashed with acid!
The acid burns!
You die...

......#.#
###########..# #...#.
...#....#
!P.....P.##..# #.....
...#..#.#
.P.÷....÷##..#####...#.
#..#..#.#
..JP.P..J##..##........
......#.#
..JP...P.##..##.###....
##.#....#
.P...÷.J.##..#..# #....
...#....#
...J.J.JJ##....## #....
.###..#.#
#######J###.....# ####.
.# #..#####....)@##
#..##.## #.
####..####.########
#..##..#####.
......#.###..'....#
#............
####....######....#
#..###..####.
#.....##.......# #..#
#.......
#..#####.......###.##
#..##### #..#
#.......##.[# ##.# ###
#..# #.......##..#
#.#####
####..######.....###.##
#.+.._.


You could see a jelly and 4 oozes.

Vanquished Creatures
  A jelly (D:2)
  An adder (D:2)
  An ooze (D:2)
  A worm (D:2)
  3 dart slugs (D:1)
  4 giant cockroaches
  4 goblins
  2 hobgoblins (D:1)
  3 jackals (D:1)
  12 kobolds
  5 bats
  5 frilled lizards
  9 rats
51 creatures vanquished.

Vanquished Creatures (others)
  9 toadstools (D:2)
9 creatures vanquished.

Grand Total: 60 creatures vanquished

Notes
Turn   | Place    | Note
-------+----------+-------------------------------------------
     0 | D:1      | Borgoz the Kobold Assassin began the quest for the Orb.
     0 | D:1      | Reached XP level 1. HP: 12/12 MP: 1/1
   136 | D:1      | Reached XP level 2. HP: 18/18 MP: 2/2
   568 | D:1      | Reached XP level 3. HP: 22/22 MP: 3/3
  1227 | D:2      | Found a shadowy altar of Dithmenos.
  1228 | D:2      | Found a glowing golden altar of the Shining One.
  1238 | D:2      | Found a burning altar of Makhleb.
  1303 | D:2      | Reached XP level 4. HP: 16/27 MP: 4/4
  1448 | D:2      | Found a glowing silver altar of Zin.
  1474 | D:2      | Found an iron altar of Okawaru.
  1551 | D:2      | Found a white marble altar of Elyvilon.
  1675 | D:2      | Reached skill level 6 in Stealth
  1731 | D:2      | Reached XP level 5. HP: 21/32 MP: 5/5
  1740 | D:2      | HP: 1/32 [jelly (3)]
  1740 | D:2      | Splashed by a jelly's acid

Vault maps used:
D:1:      lemuel_arrival_river_ford, minmay_tetromino_s4
D:2:      cheibrodos_fertilizer, overflow_temple_1_default, xom_redecorated,
          lemuel_doored_altar, okawaru_trees_1, minitemple, first_ration,
          item_on_display_a

Skill      XL: |  1  2  3  4 |
---------------+-------------+-----
Short Blades   | 3 |  3.8
Dodging        | 2 |  2.8
Fighting       | 3 |  3.2
Stealth        | 6 |  6.1
Throwing       | |  2.1

Action                   |  1- 3 |  4- 6 || total
-------------------------+-------+-------++-------
Melee: Dagger            |    85 |    66 ||   151
  Use: Potion            |       |     1 ||     1
 Stab: Sleeping          |    17 |     5 ||    22
  Eat: Chunk             |     8 |     2 ||    10
Armor: Robe              |     9 |    19 ||    28
Dodge: Dodged            |    43 |    62 ||   105

Table legend:
 A = Non-vault XP
 B = Vault XP
 C = Vault XP percentage of total XP
 D = Non-vault monster count
 E = Vault monster count
 F = Vault count percentage of total count
                 A         B        C        D         E       F
            +---------+---------+-------+---------+---------+-------
      Total |      82 |      62 |  43.1 |      39 |      12 |  23.5
            +---------+---------+-------+---------+---------+-------
        D:1 |      51 |       1 |   1.9 |      29 |       1 |   3.3
        D:2 |      31 |      61 |  66.3 |      10 |      11 |  52.4
            +---------+---------+-------+---------+---------+-------
